 Dungeon Crawl Stone Soup version 0.19-a0-1937-g70ed36a (webtiles) character file.

396 varam the Conjurer (level 6, 32/32 HPs)
             Began as a Deep Elf Conjurer on Oct 26, 2016.
             Quit the game in the Ecumenical Temple.
             The game lasted 00:10:12 (3836 turns).

varam the Conjurer (Deep Elf Conjurer)              Turns: 3836, Time: 00:10:12

Health: 32/32      AC:  5    Str:  7    XL:     6   Next: 52%
Magic:  12/12      EV: 13    Int: 20    God:
Gold:   203        SH:  0    Dex: 15    Spells: 3 memorised, 3 levels left

rFire  . . .     SeeInvis .     (no weapon)
rCold  . . .     Gourm    .     a - +0 robe
rNeg   . . .     Faith    .     (no shield)
rPois  .         Spirit   .     o - +0 helmet
rElec  .         Reflect  .     (no cloak)
rCorr  .         Harm     .     (no gloves)
MR     .....                    d - +1 pair of boots
Stlth  ++........               (no amulet)
                                (no ring)
                                (no ring)

@: no status effects
A: no striking features
a: no special abilities


You were in the Ecumenical Temple.
You were not hungry.

You visited 2 branches of the dungeon, and saw 5 of its levels.

You collected 203 gold pieces.

Inventory:

Hand Weapons
 f - a +0 spear
Armour
 a - a +0 robe (worn)
 d - a +1 pair of boots (worn)
 o - a +0 helmet (worn)
Jewellery
 n - a cursed ring of loudness {unknown}
 z - a +2 ring of intelligence {unknown}
Scrolls
 e - 2 scrolls of identify {@r1}
 h - a scroll of enchant weapon
 i - 3 scrolls of blinking
 k - a scroll of amnesia
 l - 2 scrolls of noise
 s - a scroll of immolation
 x - a scroll of remove curse {@r2}
 y - 3 scrolls of fear
Potions
 g - 3 potions of brilliance {unknown}
 j - 3 potions of curing {unknown}
 m - a potion of cancellation {unknown}
 q - a potion of flight {unknown}
 r - 2 potions of lignification {unknown}
 v - a potion of might {unknown}
 A - a potion of agility {unknown}
Books
 b - a book of Conjurations

   Spells                             Type                      Level
   a - Magic Dart                     Conjuration                  1
   b - Searing Ray                    Conjuration                  2
   c - Dazzling Spray                 Conjuration/Hexes            3
   d - Fulminant Prism                Conjuration/Hexes            4
   e - Iskenderun's Mystic Blast      Conjuration                  4
   f - Iskenderun's Battlesphere      Conjuration/Charms           5
Comestibles
 c - a bread ration
 p - 2 fruits
 t - a meat ration
 u - a beef jerky


   Skills:
 - Level 2.4 Dodging
 - Level 2.4 Stealth
 - Level 3.0 Spellcasting
 + Level 7.9 Conjurations
 + Level 4.3 Charms


You had 3 spell levels left.
You knew the following spells:

 Your Spells              Type           Power        Failure   Level  Hunger
a - Magic Dart            Conj           ####         1%          1    None
b - Searing Ray           Conj           ####..       1%          2    ##.....
c - Iskenderun's Battles  Conj/Chrm      ####....     38%         5    ######.


Dungeon Overview and Level Annotations

Branches:
Dungeon (4/15)             Temple (1/1) D:4

Altars:
Ashenzari
Cheibriados
Dithmenos
Fedhas
Gozag
Kikubaaqudgha
Makhleb
Nemelex Xobeh
Okawaru
Qazlal
Ru
Sif Muna
Trog
Uskayaw
Xom
Yredelemnul
The Shining One


Message History

There is a staircase to the Ecumenical Temple here.
You climb downwards.
Welcome to the Ecumenical Temple!
Found three altars.
There is a staircase back to the Dungeon here.
There is a blossoming altar of Fedhas here.
Found a sacrificial altar of Ru.
Found a burning altar of Makhleb.
Found a deep blue altar of Sif Muna.
Found an iron altar of Okawaru.
Found three altars.
Found a shimmering altar of Xom and a basalt altar of Yredelemnul.
There is an opulent altar of Gozag here.
Found a shattered altar of Ashenzari.
Found a shadowy altar of Dithmenos.
Found a sparkling altar of Nemelex Xobeh.
Found a stormy altar of Qazlal.
Done exploring.
Done exploring.
There is a snail-covered altar of Cheibriados here.
Are you sure you want to abandon this character and quit the game? (Confirm with "yes".)

._......# #.._..._..# #......_...
........# ##.......## #..........
.......## ######### ##........#
......## ##......## ##.#####
#####.### .......#######
#######.......##
.............#####..............#
.........###...#...###...........
_........# ##...@.## #........_..
.........# ##.._..## #...........
.........# #.......# #...........
........####._..._.####.........#
..._...####.........####..._...##
#.....###.............###.....##
####### #######<####### #######
###


There were no monsters in sight!

Vanquished Creatures
  A phantom (D:4)
  Ijyb (D:3)
  An iguana (D:3)
  A worker ant (D:3)
  A hound skeleton (D:4)
  A gnoll (D:1)
  14 adders
  3 worms
  3 dart slugs
  4 leopard geckos
  4 orcs
  5 bats
  4 giant cockroaches
  3 goblins
  6 hobgoblins
  5 jackals
  A quokka (D:2)
  3 ball pythons (D:3)
  4 frilled lizards
  6 kobolds
  7 rats
78 creatures vanquished.

Notes
Turn   | Place    | Note
-------+----------+-------------------------------------------
     0 | D:1      | varam the Deep Elf Conjurer began the quest for the Orb.
     0 | D:1      | Reached XP level 1. HP: 10/10 MP: 6/6
   150 | D:1      | Reached XP level 2. HP: 12/15 MP: 1/8
   154 | D:1      | Learned a level 2 spell: Searing Ray
   225 | D:1      | Reached skill level 5 in Conjurations
   363 | D:1      | Reached XP level 3. HP: 19/19 MP: 2/9
   815 | D:2      | Found a blossoming altar of Fedhas.
   995 | D:2      | Reached skill level 6 in Conjurations
  1281 | D:2      | Reached XP level 4. HP: 24/24 MP: 5/10
  2073 | D:3      | Reached skill level 7 in Conjurations
  2073 | D:3      | Reached XP level 5. HP: 28/28 MP: 3/11
  2083 | D:3      | Learned a level 5 spell: Iskenderun's Battlesphere
  2182 | D:3      | Noticed Ijyb
  2201 | D:3      | Killed Ijyb
  2201 | D:3      | Reached skill level 1 in Charms
  2304 | D:4      | Noticed a phantom
  2791 | D:3      | Reached XP level 6. HP: 32/32 MP: 4/12
  3469 | D:4      | Found a bloodstained altar of Trog.
  3700 | D:4      | Found a staircase to the Ecumenical Temple.
  3708 | Temple   | Entered the Ecumenical Temple
  3836 | Temple   | Quit the game

Vault maps used:
D:1:      dpeg_arrival_simpleton_b
D:2:      fedhas_altar_1
D:3:      minmay_snake_closets, uniq_iyjb
D:4:      lightli_temple_of_fire, first_bread
Temple:   kb_temple_of_zot

Skill      XL: |  1  2  3  4  5  6 |
---------------+-------------------+-----
Conjurations   | 5 6 7 |  7.9
Charms         | 2 4 |  4.3
Dodging        | |  2.4
Stealth        | |  2.4
Spellcasting   | |  3.0

Action                   |  1- 3 |  4- 6 || total
-------------------------+-------+-------++-------
Melee: Unarmed           |     1 |       ||     1
 Cast: Magic Dart        |    62 |    66 ||   128
       Searing Ray       |     3 |    23 ||    26
  Use: Scroll            |       |     8 ||     8
  Eat: Chunk             |       |     5 ||     5
       Bread ration      |       |     1 ||     1
Armor: Robe              |     3 |     9 ||    12
Dodge: Dodged            |     4 |    43 ||    47
